Map: Orbital Shipyard

Players

Meditail - Winner!

  • Race: Zerg Zerg
  • League: Diamond

A.I. 1 (Elite)

  • Race: Terran Terran

VOD

Have the link to the VOD?

Description

Time

  • Played on: Jan. 29, 2016, 10:05 a.m.
  • Length: 10:50
Show
View Real Time Build Order
Export as new Build Order

Meditail Zerg - Winner!

Build Orders: Hatch First, Muta Ling Bane 

Get SALT Encoding   

  12  0:01  Drone  
  13  0:13  Overlord  
  13  0:17  Drone  
  14  0:31  Drone x2  
  16  0:36  Drone  
  17  0:46  Drone  
  18  0:57  Hatchery  
  17  1:00  Drone  
  18  1:11  Spawning Pool  
  18  1:14  Drone  
  18  1:18  Extractor  
  17  1:19  Drone  
  18  1:30  Drone  
  19  1:39  Overlord  
  19  1:52  Drone  
  20  1:58  Queen  
  20  2:00  Zergling x2  
  23  2:08  Zergling x2  
  23  2:10  Queen  
  23  2:14  Drone  
  27  2:20  Metabolic Boost  
  27  2:25  Drone x2  
  29  2:31  Overlord  
  29  2:34  Queen  
  31  2:39  Drone  
  32  2:46  Drone  
  33  2:54  Drone x2  
  36  2:58  Drone  
  36  3:06  Hatchery  
  34  3:15  Drone x2  
  34  3:16  Overlord, Drone x2  
  38  3:22  Drone  
  38  3:23  Drone  
  38  3:24  Queen  
  42  3:30  Queen  
  44  3:35  Drone  
  46  3:41  Drone  
  46  3:43  Overlord  
  46  3:44  Overlord  
  46  3:46  Drone  
  47  3:56  Drone  
  47  4:00  Extractor  
  47  4:01  Extractor  
  47  4:02  Evolution Chamber  
  45  4:03  Evolution Chamber  
  44  4:10  Drone  
  44  4:11  Drone x4  
  49  4:20  Drone, Queen  
  49  4:24  Drone  
  53  4:28  Drone x3  
  53  4:29  Drone x2  
  58  4:31  Zerg Melee Weapons Level 1  
  58  4:32  Zerg Ground Armor Level 1  
  58  4:36  Drone  
  58  4:37  Drone  
  60  4:40  Overlord  
  60  4:49  Drone  
  60  4:51  Overlord  
  61  4:52  Lair  
  61  4:58  Baneling Nest  
  60  5:00  Extractor, Drone x2  
  60  5:02  Drone x3  
  64  5:14  Drone x2  
  64  5:18  Overlord, Drone  
  68  5:21  Drone x2  
  68  5:24  Overlord  
  68  5:27  Drone x5  
  74  5:29  Drone  
  75  5:39  Extractor, Drone  
  75  5:40  Overlord  
  75  5:41  Extractor  
  75  5:42  Drone x2  
  76  5:48  Drone x3  
  80  5:50  Drone x3  
  80  5:51  Overlord  
  80  5:52  Zergling x4  
  84  5:58  Centrifical Hooks  
  84  6:00  Drone  
  84  6:03  Spire  
  84  6:19  Hatchery, Zergling x10  
  84  6:23  Baneling x2  
  89  6:25  Zergling x4  
  89  6:26  Zergling x8  
  89  6:30  Zerg Ground Armor Level 2, Zerg Melee Weapons Level 2  
  89  6:31  Overlord  
  89  6:32  Overlord  
  94  6:35  Zergling x8  
  98  6:56  Overlord  
  98  6:57  Overlord  
  98  7:17  Mutalisk  
  98  7:18  Mutalisk x9  
  98  7:19  Mutalisk  
  120  7:23  Zergling x2  
  120  7:28  Overlord  
  120  7:29  Mutalisk  
  123  7:31  Zergling x4  
  123  7:32  Zergling x12  
  123  7:33  Zergling x2  
  132  7:47  Drone  
  132  7:48  Drone x3  
  136  7:51  Zerg Flyer Weapons Level 1  
  136  7:58  Drone x4  
  138  8:00  Overlord  
  138  8:02  Zergling x6  
  138  8:04  Baneling x4  
  143  8:06  Drone  
  143  8:08  Zergling x2  
  143  8:09  Zergling x2  
  143  8:10  Hatchery, Baneling x2  
  143  8:11  Baneling x2  
  144  8:14  Mutalisk x3  
  144  8:15  Mutalisk  
  144  8:18  Pneumatized Carapace  
  152  8:20  Drone  
  152  8:21  Extractor, Drone  
  152  8:22  Extractor  
  152  8:30  Mutalisk x2  
  152  8:33  Zergling x6  
  152  8:34  Zergling x14  
  142  8:48  Baneling  
  142  8:49  Baneling x4, Mutalisk  
  142  8:50  Mutalisk  
  142  8:52  Zergling x14  
  153  8:58  Infestation Pit, Drone  
  153  9:02  Drone  
  154  9:25  Zergling x4  
  154  9:26  Zergling x34  
  154  9:28  Overlord x2  
  154  9:29  Baneling  
  154  9:30  Baneling x6, Hatchery  
  154  9:31  Baneling x5  
  156  9:45  Zergling x4  
  156  9:46  Zergling x12  
  156  9:47  Zergling x2  
  162  10:02  Zergling x16  
  162  10:03  Zergling x18  
  177  10:09  Overseer  
  177  10:11  Overseer  
  174  10:23  Overlord x2  
  174  10:26  Zergling x2  
  174  10:27  Zergling x26  
Show
View Real Time Build Order
Export as new Build Order

A.I. 1 (Elite) Terran 

Build Orders: MMM Bio 

Get SALT Encoding   

  12  0:00  SCV  
  13  0:13  SCV  
  14  0:19  Supply Depot  
  14  0:25  SCV  
  15  0:41  SCV  
  16  0:47  Barracks  
  16  0:53  SCV  
  17  1:05  SCV  
  18  1:17  Supply Depot, SCV  
  19  1:21  Refinery  
  19  1:29  SCV  
  20  1:35  Marine  
  21  1:41  SCV  
  22  1:50  Barracks  
  22  1:52  Marine  
  22  1:54  SCV, Refinery  
  24  2:01  Supply Depot  
  24  2:06  SCV  
  25  2:10  Marine  
  26  2:18  SCV  
  27  2:25  Factory  
  27  2:28  Marine  
  28  2:30  SCV  
  28  2:36  Marine  
  30  2:42  SCV  
  31  2:46  Marine  
  32  2:54  Marine, SCV  
  34  3:04  Marine  
  34  3:05  Barracks  
  35  3:06  SCV  
  35  3:12  Marine  
  37  3:18  SCV  
  38  3:23  Barracks Tech Lab  
  38  3:28  Starport, Factory Tech Lab  
  38  3:30  SCV  
  38  3:33  Supply Depot, Barracks Tech Lab  
  39  3:55  Marine x2, SCV  
  42  3:57  Stimpack  
  42  4:02  Combat Shields  
  42  4:07  SCV  
  43  4:19  SCV  
  44  4:31  SCV  
  44  4:37  Supply Depot  
  45  4:43  SCV  
  46  4:55  SCV  
  46  4:58  Marine x3, Medivac  
  52  5:01  Supply Depot  
  52  5:07  SCV  
  53  5:19  Engineering Bay  
  53  5:20  SCV  
  53  5:21  Barracks Reactor  
  54  5:23  Marauder  
  54  5:26  Engineering Bay, Command Center  
  54  5:27  Supply Depot  
  56  5:28  Medivac  
  56  5:32  SCV  
  59  5:46  Terran Infantry Armor Level 1  
  59  5:47  Marauder  
  61  5:51  Terran Infantry Weapons Level 1  
  61  5:52  Marauder  
  63  6:04  Supply Depot, Marine  
  63  6:07  Marine  
  63  6:08  Marauder  
  67  6:13  Marauder  
  69  6:23  Barracks, Starport Reactor  
  69  6:30  Marauder  
  71  6:34  Supply Depot  
  71  6:36  Marauder  
  71  6:39  SCV  
  74  6:41  SCV  
  75  6:51  Marauder, SCV  
  75  6:54  SCV  
  79  6:59  Medivac  
  81  7:03  SCV  
  81  7:08  Medivac, Concussive Shells, Orbital Command  
  82  7:09  Marauder  
  82  7:12  Marauder  
  88  7:29  Command Center  
  88  7:30  Marauder  
  88  7:34  Marauder  
  92  7:38  Supply Depot, Marine  
  92  7:39  Marine  
  92  7:41  Marine  
  95  7:47  Hellion  
  95  7:49  Liberator  
  95  7:51  Marine  
  97  8:04  Supply Depot  
  97  8:07  Liberator  
  97  8:08  Hellion  
  102  8:15  Refinery  
  102  8:22  Refinery  
  105  8:30  Hellion  
  105  8:31  Supply Depot, Liberator, Marine  
  105  8:33  Marine  
  90  8:34  Marine  
  90  8:37  Marine  
  90  8:38  Marine  
  76  8:43  SCV  
  76  8:44  SCV  
  74  8:48  SCV  
  74  8:49  Marine  
  74  8:51  Hellion  
  74  8:55  Marauder, SCV  
  82  8:57  SCV  
  82  9:00  SCV  
  84  9:05  Marine  
  84  9:07  Marauder, Marine, SCV  
  84  9:09  Liberator, SCV  
  90  9:12  Hellion, SCV  
  90  9:14  Liberator  
  90  9:16  Marauder  
  95  9:19  SCV  
  95  9:21  SCV  
  97  9:25  SCV  
  97  9:29  Marauder  
  103  9:31  SCV  
  103  9:33  Marine, SCV  
  103  9:36  Marine  
  103  9:37  Marine, SCV  
  109  9:40  Marine  
  109  9:43  SCV  
  88  9:45  SCV  
  88  9:49  Marine, SCV  
  88  9:51  Marine  
  78  9:54  Marine  
  78  9:55  SCV  
  78  9:56  Marauder  
  78  9:57  SCV  
  78  9:58  Marine  
  74  10:04  SCV  
  65  10:07  SCV  
  65  10:08  Marauder  
  65  10:09  Marine  
  65  10:10  SCV  
  65  10:12  Marine  
  55  10:16  Marine  
  28  10:24  SCV  
Tags
 
Add a new tag
Caveats
  • Supply blocks, unpowered buildings, or Contaminate may cause inaccurate times.
  • Supply counts are checked every 10 seconds.